 Dungeon Crawl Stone Soup version 0.29-a0-219-g0a02b1cf4f (webtiles) character file.

Game seed: 10241083410759160006

94 Anon1729 the Skirmisher (level 4, 0/40 HPs)
             Began as a Draconian Monk on Feb 25, 2022.
             Was a Plaything of Xom.
             Slain by an orc wizard
             ... wielding a +1 dagger of electrocution
              (13 damage)
             ... on level 2 of the Dungeon.
             The game lasted 00:01:29 (1715 turns).

Anon1729 the Skirmisher (Draconian Monk)            Turns: 1715, Time: 00:01:30

Health: 0/40       AC:  5    Str: 14    XL:     4   Next: 38%
Magic:  4/4        EV: 13    Int: 10    God:    Xom [...*..]
Gold:   98         SH:  0    Dex: 17    Spells: 3/3 levels left

rFire   + . .      SeeInvis .   a - +0 falchion
rCold   + . .      Faith    .   (no shield)
rNeg    . . .      Spirit   .   (body armour unavailable)
rPois   .          Reflect  .   (helmet restricted)
rElec   .          Harm     .   (no cloak)
rCorr   .          Rampage  .   (no gloves)
Will    .....                   (no boots)
Stlth   +.........              k - amulet of magic regeneration
HPRegen 0.13/turn               (no ring)
MPRegen 0.49/turn               (no ring)

@: confused, attractive
A: AC +5, unfitting armour, cold-blooded, stinger 1, agile 1, cold resistance 1,
fire resistance 1
a: Renounce Religion


You were on level 2 of the Dungeon.
You worshipped Xom.
You were a favourite toy of Xom.
You visited 1 branch of the dungeon, and saw 2 of its levels.

You collected 98 gold pieces.

Inventory:

Hand Weapons
 a - a +0 falchion (weapon)
Magical Staves
 j - a staff of air
Jewellery
 k - an amulet of magic regeneration (around neck)
Scrolls
 b - 4 scrolls of identify {unknown}
 c - a scroll of acquirement {unknown}
 d - 2 scrolls of holy word {unknown}
 g - a scroll of amnesia {unknown}
 i - a scroll of teleportation {unknown}
Potions
 e - a potion of attraction
 f - a potion of flight {unknown}
 h - a potion of brilliance {unknown}
 l - a potion of curing {unknown}


   Skills:
 + Level 4.0 Fighting
 + Level 3.6 Long Blades
 + Level 3.3 Dodging
 + Level 2.7 Stealth


You had 3 spell levels left.
You didn't know any spells.
Your spell library contained the following spells:

 Spells                   Type           Power      Damage    Failure   Level
 Animate Skeleton         Necr           0%         N/A       36%         1
 Pain                     Necr           0%         1d4       36%         1
 Vampiric Draining        Necr           0%         2d6       75%         3


Dungeon Overview and Level Annotations

Branches:
Dungeon (2/15)

Altars:
Xom

Annotations:
D:2 1 runed translucent door, Crazy Yiuf


Innate Abilities, Weirdness & Mutations

Your plain brown scales are hard. (AC +5)
You cannot fit into any form of body armour.
You are cold-blooded and may be slowed by cold attacks.
Your tail ends in a venomous barb.
You are agile. (Dex +2)
Your flesh is cold resistant. (rC+)
Your flesh is heat resistant. (rF+)


Message History

You slash the orc priest!
You kill the orc priest!
You hear some strange, mumbled words.
Something tries to affect you, but you resist.
Your Fighting skill increases to level 4!
You have reached level 4!
You feel stronger. Something hits you.
You see here a +0 flail.
You miss something.
Your tail-slap misses something.
Something hits you.
You closely miss something. Something hits you.
You are too injured to fight recklessly!
You are too injured to fight recklessly!
You are too injured to fight recklessly!
You are too injured to fight recklessly!
You are too injured to fight recklessly!
You are too injured to fight recklessly!
You are too injured to fight recklessly!
You are too injured to fight recklessly!
You are too injured to fight recklessly!
You are too injured to fight recklessly!
You are too injured to fight recklessly!
You are too injured to fight recklessly!
You are too injured to fight recklessly!
You are too injured to fight recklessly!
You are too injured to fight recklessly!
You are too injured to fight recklessly!
You are too injured to fight recklessly!
You hear some strange, mumbled words.
You are confused.
You see here an orc corpse.
It was a potion of attraction.
You feel attractive to monsters.
Unknown command.
You're too confused to attack without stumbling around!
You're too confused to attack without stumbling around!
You bump into the rock wall.
Something hits you.
You closely miss something.
Your tail-slap misses something.
Something hits you.
You are electrocuted!
You die...

. #...#..##
#..##.... #
#..##...# .#
#..##...#
###.
###..##...#
#o.
....##....
#o#
#..##.....
#)#
#..##.....
#@#
#..##.....
#.#
#.........
###.#
#.###.....
#...# #.#
#..... #.#.#
#.# #.....
#.#########.#
#####.
#.....#.....#
##
#.###.#.###.#
#.#.. #...#.#


You could see 2 orcs.

Vanquished Creatures
  An orc priest (D:2)
  An adder (D:2)
  A worm (D:2)
  3 dart slugs
  5 bats
  4 endoplasms (D:1)
  3 giant cockroaches (D:2)
  9 goblins
  2 hobgoblins
  A jackal (D:2)
  A quokka (D:2)
  4 ball pythons
  5 frilled lizards
  A kobold (D:1)
  4 rats
45 creatures vanquished.

Notes
Turn   | Place    | Note
-------+----------+-------------------------------------------
     0 | D:1      | Anon1729 the Draconian Monk began the quest for the Orb.
     0 | D:1      | Reached XP level 1. HP: 19/19 MP: 1/1
    46 | D:1      | Reached XP level 2. HP: 24/26 MP: 2/2
   903 | D:2      | Reached XP level 3. HP: 33/33 MP: 3/3
  1028 | D:2      | Found a faded altar of an unknown god.
  1034 | D:2      | Prayed at the altar of an unknown god.
  1034 | D:2      | Became a worshipper of Xom of Chaos
  1145 | D:2      | XOM: polymorph hobgoblin -> ball python
  1283 | D:2      | XOM: give mutations
  1283 | D:2      | Gained mutation: You are agile. (Dex +2) [Xom's grace]
  1283 | D:2      | Gained mutation: Your flesh is cold resistant. (rC+) [Xom's
                  | grace]
  1283 | D:2      | Gained mutation: Your tail ends in a venomous barb. [Xom's
                  | grace]
  1283 | D:2      | Gained mutation: Your flesh is heat resistant. (rF+) [Xom's
                  | grace]
  1370 | D:2      | XOM: 3-stop teleportation journey
  1593 | D:2      | Found a runed translucent door.
  1594 | D:2      | Noticed Crazy Yiuf
  1695 | D:2      | XOM: polymorph orc -> jackal
  1709 | D:2      | Reached skill level 4 in Fighting
  1709 | D:2      | Reached XP level 4. HP: 27/40 MP: 4/4
  1715 | D:2      | Slain by an orc wizard

Illustrated notes

Levels and vault maps discovered:
D:1:      minmay_arrival_four_circles, layout_basic
D:2:      layout_loops_ring, ebering_ecumenical_altar_hall,
          minmay_misc_feat_ornament, minmay_strange_pillars, minmay_distorted,
          uniq_crazy_yiuf_cottage

Skill      XL: |  1  2  3 |
---------------+----------+-----
Stealth        | 2 |  2.7
Dodging        | 3 |  3.3
Fighting       | 4 |  4.0
Long Blades    | |  3.6

Action                   |  1- 3 |  4- 6 || total
-------------------------+-------+-------++-------
Melee: Falchion          |   132 |     3 ||   135
       Tailslap          |    13 |       ||    13
  Use: Potion            |       |     1 ||     1
 Stab: Sleeping          |     7 |       ||     7
Armor: Skin              |    35 |       ||    35
Dodge: Dodged            |    94 |       ||    94

Table legend: (Time is in decaauts)
 A = Elapsed time spent in this place.
 B = Non-inter-level travel time spent in this place.
 C = Inter-level travel time spent in this place.
 D = Time resting spent in this place.
 E = Time spent auto-exploring this place.
 F = Levels seen in this place.
 G = Mean time per level.
                   A        B        C        D        E       F      G
               +--------+--------+--------+--------+--------+-----+--------+
         Total |   1737 |   1723 |     14 |      0 |   1399 |   2 |  868.5 |
       Dungeon |   1737 |   1723 |     14 |      0 |   1399 |   2 |  868.5 |
               +--------+--------+--------+--------+--------+-----+--------+

Top non-repeatable levels by time:
     D:1: 909 daAuts
     D:2: 827 daAuts
